 Dungeon Crawl Stone Soup version 0.26.0-10-g1f06aea511 (webtiles) character file.

Game seed: 10938941155301142505

289 graki42 the Conjurer (level 6, -6/32 HPs)
             Began as a Deep Elf Conjurer on Jan 16, 2021.
             Killed by nerve-wracking pain
             ... invoked by an orc priest
              (8 damage)
             ... on level 4 of the Dungeon.
             The game lasted 00:08:58 (2649 turns).

graki42 the Conjurer (Deep Elf Conjurer)            Turns: 2649, Time: 00:08:59

Health: -6/32      AC:  3    Str:  6    XL:     6   Next: 9%
Magic:  0/15       EV: 13    Int: 23    God:
Gold:   74         SH:  0    Dex: 13    Spells: 4/15 levels left

rFire    . . .     SeeInvis +   (no weapon)
rCold    . . .     Faith    .   (no shield)
rNeg     . . .     Spirit   .   a - +0 robe
rPois    .         Reflect  .   (no helmet)
rElec    .         Harm     .   g - +0 cloak
rCorr    .         Rampage  .   (no gloves)
Will     .....                  (no boots)
Stlth    ++........             (no amulet)
HPRegen  0.10/turn              q - ring of see invisible
MPRegen  0.14/turn              (no ring)

@: brilliant, very slightly contaminated
A: no striking features
a: no special abilities


You were on level 4 of the Dungeon.
You visited 1 branch of the dungeon, and saw 4 of its levels.

You collected 74 gold pieces.

Inventory:

Armour
 a - a +0 robe (worn)
 g - a +0 cloak (worn)
Jewellery
 q - a ring of see invisible (left hand)
Wands
 p - a wand of polymorph (11)
Scrolls
 c - 2 scrolls of remove curse {unknown}
 f - 2 scrolls of amnesia {unknown}
 h - 2 scrolls of teleportation {unknown}
 j - 3 scrolls of enchant armour {unknown}
 m - 4 scrolls of fog {unknown}
Potions
 b - 2 potions of curing {unknown}
 d - a potion of lignification {unknown}
 e - 3 potions of attraction {unknown}
 i - 2 potions of brilliance
 k - a potion of flight {unknown}
 l - a potion of degeneration {unknown}
 n - a potion of heal wounds {unknown}
 o - a potion of magic {unknown}


   Skills:
 - Level 3.0 Dodging
 - Level 3.0 Stealth
 + Level 5.2 Spellcasting
 + Level 6.0 Conjurations
 + Level 2.4 Hexes
 + Level 1.9 Translocations


You had 4 spell levels left.
You knew the following spells:

 Your Spells              Type           Power        Failure   Level
a - Magic Dart            Conj           100%         1%          1
b - Searing Ray           Conj           100%         1%          2
c - Fulminant Prism       Conj/Hex       19%          16%         4
d - Iskenderun's Mystic   Conj/Tloc      36%          19%         4

Your spell library contained the following spells:

 Spells                   Type           Power        Failure   Level
 Dazzling Flash           Conj/Hex       76%          4%          3


Dungeon Overview and Level Annotations

Branches:
Dungeon (4/15)
 Temple: D:4-7

Altars:

Annotations:
D:3 2 transporters, MisterFreud's ghost, weakling MiBe


Message History

Confirm with . or Enter, or press ? or * to list all spells.
The spell is extremely dangerous to cast (19% risk of failure)!
Continue anyway?
You erupt in a blast of force!
The mystic blast hits the orc.
The orc is almost dead.
The orc is knocked back by the mystic blast.
The orc slams into the rock wall!
You kill the orc!
The mystic blast hits the howler monkey!
The howler monkey is almost dead.
The howler monkey is knocked back by the mystic blast.
The mystic blast hits the orc!
You kill the orc!
Unknown command.
Unknown command.
Okay, then.
It was a potion of brilliance.
You feel clever all of a sudden.
The orc priest mumbles some strange prayers to Beogh against you.
Pain shoots through your body!
You die...

#.# #.# ### ##.##
#.######### ##...#
##......... #....#
##....###. ##....##
##..h)(## #......##
##.@.o..[###
........######.#####....##
..........##..## ##....#
.............## #...##
....#####...## ##..##
...## #...# ##..## ..##
#...# #..## .## #....#
#..## ## #...#.. #..##


You could see a howler monkey and an orc priest.

Vanquished Creatures
  An orc wizard (D:4)
  Natasha (thrice) (D:2)
  8 gnolls
  5 adders
  An ooze (D:4)
  2 worms
  A dart slug (D:1)
  2 leopard geckos
  3 orcs
  A ball python (D:2)
  5 hobgoblins
  A quokka (D:2)
  6 bats
  8 goblins
  8 kobolds
  4 rats
59 creatures vanquished.

Notes
Turn   | Place    | Note
-------+----------+-------------------------------------------
     0 | D:1      | graki42 the Deep Elf Conjurer began the quest for the Orb.
     0 | D:1      | Reached XP level 1. HP: 10/10 MP: 6/6
   341 | D:1      | Reached XP level 2. HP: 15/15 MP: 6/8
   344 | D:1      | Learned a level 2 spell: Searing Ray
   821 | D:2      | Reached skill level 5 in Conjurations
   891 | D:2      | Noticed Natasha
   894 | D:2      | Killed Natasha
   895 | D:2      | Reached XP level 3. HP: 19/19 MP: 6/10
  1144 | D:2      | Reached XP level 4. HP: 24/24 MP: 8/12
  1213 | D:2      | Learned a level 4 spell: Fulminant Prism
  1218 | D:2      | Learned a level 4 spell: Iskenderun's Mystic Blast
  1322 | D:2      | Noticed Natasha
  1325 | D:2      | Killed Natasha
  1326 | D:2      | Reached skill level 1 in Hexes
  1326 | D:2      | Reached XP level 5. HP: 20/28 MP: 9/13
  1502 | D:2      | Noticed Natasha
  1507 | D:2      | Killed Natasha
  1508 | D:2      | Reached skill level 1 in Translocations
  1800 | D:3      | Noticed MisterFreud's ghost (weakling MiBe)
  1801 | D:3      | Found a transporter.
  1971 | D:3      | Reached skill level 5 in Spellcasting
  2197 | D:3      | Found a transporter.
  2552 | D:4      | Reached skill level 6 in Conjurations
  2635 | D:4      | Reached XP level 6. HP: 27/32 MP: 10/15
  2641 | D:4      | HP: 1/32 [orc/+0 club (3)]
  2649 | D:4      | Killed from afar by an orc priest

Illustrated notes

Levels and vault maps discovered:
D:1:      evilmike_arrival_crescent, layout_basic
D:2:      layout_basic, uniq_natasha
D:3:      layout_loops_ring, gammafunk_ghost_mausoleum
D:4:      layout_layer_cave, st_stairs_6, uniq_duvessa, uniq_grinder

Skill      XL: |  1  2  3  4  5 |
---------------+----------------+-----
Conjurations   | 5 6 |  6.0
Stealth        | 3 |  3.0
Dodging        | 3 |  3.0
Spellcasting   | 4 5 |  5.2
Hexes          | 1 2 |  2.4
Translocations | 1 |  1.9

Action                   |  1- 3 |  4- 6 || total
-------------------------+-------+-------++-------
 Cast: Magic Dart        |    38 |    23 ||    61
       Searing Ray       |     4 |    13 ||    17
       Iskenderun's Myst |       |     1 ||     1
  Use: Potion            |       |     1 ||     1
Armor: Robe              |       |     1 ||     1
Dodge: Dodged            |     1 |     8 ||     9
